AoeStats
← гной

Migration

508615438Analyzed
1v1 RM · 10d ago on Sep 23, 2026· 63m 17s· 2 players
Game mode
Random Map
Map size
132×132
Population
200
Speed
Normal
Resources
Standard
Victory
Conquest
Starting age
Dark Age
Ending age
Imperial Age
RankedLock teamsTeams togetherTeam positionsShared explorationLock speedFull tech treeHidden civsTurbo modeCheats
Victory
Defeat
🇷🇺 Britons · Russia
909
+14
🇷🇺 Franks · Russia
858
-14
гной
10:52 Feudal Age
11:22 Double-Bit Axe
11:30 Fishing Lines
20:25 Castle Age
22:27 Gillnets
24:22 Forging
24:18 Scale Barding Armor
26:51 Iron Casting
26:58 Bow Saw
26:49 Gold Mining
27:39 Husbandry
32:12 Chain Barding Armor
34:55 Imperial Age
32:35 Fletching
36:13 Conscription
35:22 Cavalier
39:23 Gold Shaft Mining
40:14 Blast Furnace
39:49 Plate Barding Armor
40:25 Paladin
40:30 Light Cavalry
46:23 Conscription
46:35 Bodkin Arrow
57:44 Elite Skirmisher
Azazello
2:49 Loom
9:31 Feudal Age
15:29 Castle Age
13:56 Double-Bit Axe
14:30 Horse Collar
16:27 Heavy Plow
16:40 Bow Saw
21:40 Fletching
21:53 Padded Archer Armor
22:01 Town Watch
22:31 Bodkin Arrow
23:47 Gold Mining
27:13 Gold Shaft Mining
26:29 Stone Mining
31:10 Imperial Age
29:53 Ballistics
30:31 Leather Archer Armor
31:52 Bracer
32:55 Chemistry
32:39 Murder Holes
33:40 Conscription
35:26 Hoardings
35:40 Wheelbarrow
35:06 Town Patrol
38:11 Ring Archer Armor
38:49 Two-Man Saw
38:41 Hand Cart
40:36 Elite Longbowman
41:37 Yeomen
42:49 Warwolf
46:13 Siege Engineers
49:44 Guard Tower
49:41 Arrowslits
53:47 Treadmill Crane
54:18 Masonry
54:28 Guilds
62:31 Siphons
62:47 Shipwright
62:38 Clinker Construction
62:39 Careening
63:08 Keep
Connection lost

Rejoining the realm…

Still unreachable

The connection could not be restored.

Session expired

The server has moved on; the page needs a fresh start.